 Dungeon Crawl Stone Soup version 0.29-a0-1065-g47a6bb87d6 (webtiles) character file.

Game seed: 15031958790980846141

6421 ytrimaz the Martial Artist (level 10, -3/73 HPs)
             Began as an Octopode Transmuter on Aug 19, 2022.
             Was a Follower of Ashenzari.
             Slain by an eight-headed hydra (5 damage)
             ... on level 9 of the Dungeon.
             The game lasted 00:10:51 (8494 turns).

ytrimaz the Martial Artist (Octopode Transmuter)    Turns: 8494, Time: 00:10:52

Health: -3/73      AC:  6    Str: 10    XL:     10   Next: 98%
Magic:  12/16      EV: 23    Int: 20    God:    Ashenzari [*.....]
Gold:   501        SH:  0    Dex: 17    Spells: 8/18 levels left

rFire   + + .      SeeInvis .     - Unarmed
rCold   . . .      Faith    .   (shield currently unavailable)
rNeg    . . .      Spirit   .   (helmet currently unavailable)
rPois   x          Reflect  .   e - amulet of regeneration
rElec   .          Harm     .   f - +4 ring of protection
rCorr   .          Rampage  .   o - ring of willpower
Will    +....                   p - ring "Bound Together" {rF+, Comp, Elem} (curse)
Stlth   ++........              C - ring of protection from fire
HPRegen 1.02/turn               (no ring)
MPRegen 0.15/turn               (no ring)
                                (no ring)
                                (no ring)

@: spider-form (expiring)
A: venomous fangs, almost no armour, (amphibious), 8 rings, tiny, (camouflage
1), (gelatinous body 1), (nimble swimmer 1), (tentacles)
a: End Transformation, Renounce Religion, Shatter the Chains


You were on level 9 of the Dungeon.
You worshipped Ashenzari.
Ashenzari was aware of your devotion.
You were a venomous arachnid creature.
You visited 2 branches of the dungeon, and saw 10 of its levels.

You collected 501 gold pieces.

Inventory:

Armour
 v - the cursed +0 hat "Oscillating Fan" (melded) {Stlth+, Alch, Comp}
   (You acquired it on level 6 of the Dungeon)

   It has a curse which improves the following skills: Alchemy: Poison Magic and
   Transmutations.
   Companions: Summonings and Necromancy.
Jewellery
 e - an amulet of regeneration (around neck)
 f - a +4 ring of protection (left front leg)
 h - a ring of flight
 o - a ring of willpower (right front leg)
 p - the cursed ring "Bound Together" (on tentacle) {rF+, Comp, Elem}
   (You found it on level 5 of the Dungeon)

   [ring of protection from fire]

   rF:        It protects you from fire.
   It has a curse which improves the following skills: Companions: Summonings
   and Necromancy.
   Elements:  Fire Magic, Ice Magic, Air Magic and Earth Magic.
 C - a ring of protection from fire (on tentacle)
Wands
 n - a wand of mindburst (11)
 y - a wand of paralysis (5)
 z - a wand of polymorph (9)
 B - a wand of flame (34)
Scrolls
 c - 3 scrolls of amnesia
 j - 2 scrolls of enchant weapon
 q - 2 scrolls of brand weapon
 t - 2 scrolls of fear
 x - a scroll of identify
Potions
 a - 4 potions of lignification
 b - a potion of haste
 d - a potion of resistance
 g - 4 potions of curing
 i - a potion of mutation
 k - a potion of attraction
 l - 3 potions of heal wounds
 m - 4 potions of might
 r - a potion of berserk rage
 s - 2 potions of brilliance
 u - a potion of cancellation
 w - a potion of flight


   Skills:
 * Level 8.7 Fighting
 + Level 6.1 Dodging
 - Level 12.0 Unarmed Combat
 + Level 4.6 Spellcasting
 - Level 2.0 Transmutations
 - Level 1.4 Poison Magic


You had 8 spell levels left.
You knew the following spells:

 Your Spells              Type           Power      Damage    Failure   Level
a - Beastly Appendage     Tmut           24%        N/A       16%         1
b - Wereblood             Tmut           12%        N/A       22%         2
c - Spider Form           Tmut/Pois      11%        N/A       38%         3
d - Ice Form              Ice/Tmut       8%         N/A       80%         4

Your spell library contained the following spells:

 Spells                   Type           Power      Damage    Failure   Level
 Ozocubu's Armour         Ice            5%         N/A       56%         3
 Portal Projectile        Hex/Tloc       8%         N/A       58%         3
 Tukima's Dance           Hex            4%         N/A       58%         3
 Blade Hands              Tmut           6%         N/A       94%         5
 Ozocubu's Refrigeration  Ice            2%         4d8       100%        7


Dungeon Overview and Level Annotations

Branches:
Dungeon (9/15)             Temple (1/1) D:7            Lair (0/5) D:8
    Orc: D:9-12

Altars:
Ashenzari
Cheibriados
Dithmenos
Elyvilon
Fedhas
Gozag
Hepliaklqana
Kikubaaqudgha
Makhleb
Nemelex Xobeh
Okawaru
Qazlal
Ru
Sif Muna
Trog
Uskayaw
Vehumet
Wu Jian
Xom
Yredelemnul
Zin
The Shining One

Annotations:
D:5 2 transporters, ZombieQueen's ghost, novice DjBe
D:6 3 runed translucent doors, Stellion's ghost, novice FeCj


Innate Abilities, Weirdness & Mutations

You are a venomous arachnid creature.
You have poisonous fangs.
You are tiny and dextrous.
Your spellcasting is less reliable in this form.
Your armour is entirely melded.
You are incapable of wielding weapons or throwing items.
You cannot wear most types of armour.
((You are amphibious.))
You can wear up to eight rings at the same time.
((Your skin changes colour to match your surroundings (Stealth+).))
((Your rubbery body absorbs attacks. (AC +1, EV +1)))
((You are camouflaged when in or above water. (Stealth+)))
((You have tentacles for arms and can constrict up to eight enemies at once.))


Message History

You bite the eight-headed hydra!
The eight-headed hydra is heavily wounded.
The eight-headed hydra misses you.
The eight-headed hydra completely misses you.
The eight-headed hydra misses you.
The eight-headed hydra completely misses you.
The eight-headed hydra misses you. The eight-headed hydra bites you!
The eight-headed hydra misses you.
The eight-headed hydra completely misses you.
You maul the eight-headed hydra!!
The eight-headed hydra is severely wounded.
Unknown command.
You bite the eight-headed hydra!
The eight-headed hydra looks as sick as possible!
The eight-headed hydra is almost dead.
The eight-headed hydra misses you.
The eight-headed hydra completely misses you.
The eight-headed hydra barely misses you.
The eight-headed hydra bites you but does no damage. x2
The eight-headed hydra bites you. The eight-headed hydra misses you.
The eight-headed hydra bites you!
The eight-headed hydra attacks as you move away!
The eight-headed hydra completely misses you.
The eight-headed hydra bites you.
The eight-headed hydra completely misses you.
The eight-headed hydra closely misses you.
The eight-headed hydra bites you!
* * * LOW HITPOINT WARNING * * *
The eight-headed hydra completely misses you. x2
The eight-headed hydra misses you.
Your transformation is almost over.
Unknown command.
The eight-headed hydra attacks as you move away!
The eight-headed hydra completely misses you.
The eight-headed hydra bites you!
* * * LOW HITPOINT WARNING * * *
The eight-headed hydra misses you.
The eight-headed hydra completely misses you.
The eight-headed hydra bites you.
You die...

#...... ...#######....)
#.....# #..#.....#.....
#.....# #..#.....#.....
#.....# #..#...>.#.....
#.....# #..#.....#.....
##.....# #..+.....#.....
#......# #..####'##.###.
#......########..........#
#.
#.........SDs............#
#.
##############...........#
#. #...........# #.
#...........# .
#...........#
#############


You could see an eight-headed hydra (extremely poisoned) and a water moccasin.

Vanquished Creatures
  2 two-headed ogres
  Grinder (D:4)
  A yak (D:6)
  A shadow (D:9)
  Eustachio (D:4)
  Grum (D:8)
  2 water moccasins
  Duvessa (D:4)
  A hornet zombie (D:7)
  A sky beast (D:7)
  An orc warrior (D:9)
  An ice beast (D:7)
  A black bear (D:5)
  4 ogres
  2 wolves (D:8)
  2 centaurs
  5 bullfrogs
  6 necrophages
  4 scorpions
  8 wights
  Dowan (D:4)
  14 killer bees
  A bullfrog zombie (D:7)
  4 hounds
  2 jellies (D:5)
  5 orc priests
  A human zombie (D:7)
  Ijyb (D:4)
  5 iguanas
  10 orc wizards
  A killer bee zombie (D:7)
  4 mummies (D:7)
  Robin (D:2)
  4 adders
  An ufetubus (D:6)
  4 worms (D:2)
  A dart slug (D:1)
  37 orcs
  5 ball pythons
  5 endoplasms
  5 giant cockroaches
  15 goblins
  13 hobgoblins
  7 jackals (D:2)
  10 kobolds
  2 quokkas
  9 bats
  A frilled lizard (D:2)
  12 rats
  A spectral goblin (D:8)
228 creatures vanquished.

Vanquished Creatures (others)
  12 plants (D:3)
12 creatures vanquished.

Grand Total: 240 creatures vanquished

Notes
Turn   | Place    | Note
-------+----------+-------------------------------------------
     0 | D:1      | ytrimaz the Octopode Transmuter began the quest for the
                  | Orb.
     0 | D:1      | Reached XP level 1. HP: 13/13 MP: 3/3
   423 | D:1      | Reached XP level 2. HP: 18/18 MP: 1/5
  1230 | D:1      | Reached XP level 3. HP: 19/24 MP: 4/6
  1233 | D:1      | Learned a level 2 spell: Wereblood
  1237 | D:1      | Learned a level 3 spell: Spider Form
  1395 | D:2      | Reached skill level 4 in Unarmed Combat
  1589 | D:2      | Reached XP level 4. HP: 28/29 MP: 5/7
  1625 | D:2      | Noticed Robin
  1637 | D:2      | Killed Robin
  2144 | D:3      | Found a sparkling altar of Nemelex Xobeh.
  2199 | D:3      | Reached XP level 5. HP: 35/35 MP: 6/8
  2273 | D:3      | Reached skill level 5 in Unarmed Combat
  2590 | D:3      | Found a faded altar of an unknown god.
  3009 | D:3      | Found an ornate altar of the Wu Jian Council.
  3037 | D:4      | Noticed Duvessa
  3037 | D:4      | Noticed Dowan
  3106 | D:4      | Killed Duvessa
  3107 | D:4      | Reached XP level 6. HP: 20/42 MP: 6/9
  3109 | D:4      | Killed Dowan
  3110 | D:4      | Reached skill level 6 in Unarmed Combat
  3182 | D:4      | Noticed Grinder
  3189 | D:4      | Paralysed by Grinder for 5 turns
  3197 | D:4      | Paralysed by Grinder for 4 turns
  3216 | D:4      | Reached XP level 7. HP: 27/47 MP: 10/10
  3221 | D:4      | Killed Grinder
  3222 | D:4      | Reached skill level 7 in Unarmed Combat
  3224 | D:4      | Reached skill level 1 in Poison Magic
  3733 | D:4      | Noticed Ijyb
  3742 | D:4      | Killed Ijyb
  3862 | D:4      | Reached XP level 8. HP: 46/54 MP: 9/11
  3972 | D:4      | Reached skill level 8 in Unarmed Combat
  4018 | D:4      | Noticed Eustachio
  4025 | D:4      | Reached skill level 5 in Fighting
  4032 | D:4      | Killed Eustachio
  4260 | D:4      | Learned a level 4 spell: Ice Form
  4291 | D:5      | Entered Level 5 of the Dungeon
  4424 | D:5      | Found a transporter.
  4448 | D:5      | Found a transporter.
  4451 | D:5      | Noticed ZombieQueen's ghost (novice DjBe)
  4472 | D:5      | Reached skill level 9 in Unarmed Combat
  4762 | D:6      | Found a snail-covered altar of Cheibriados.
  4791 | D:6      | Noticed a two-headed ogre
  4804 | D:6      | Reached XP level 9. HP: 62/62 MP: 0/12
  4811 | D:6      | Killed a two-headed ogre
  4812 | D:6      | Reached skill level 10 in Unarmed Combat
  5007 | D:6      | Found an opulent altar of Gozag.
  5118 | D:6      | Reached skill level 11 in Unarmed Combat
  5251 | D:6      | Found a runed translucent gate.
  5251 | D:6      | Found a runed translucent gate.
  5251 | D:6      | Found a runed translucent gate.
  5252 | D:6      | Noticed a kobold demonologist
  5253 | D:6      | Noticed Stellion's ghost (novice FeCj)
  5376 | D:6      | Found a glowing golden altar of the Shining One.
  5512 | D:6      | Found an iron altar of Okawaru.
  5629 | D:6      | Identified a scroll of acquirement
  5889 | D:7      | Noticed a two-headed ogre
  5924 | D:7      | Killed a two-headed ogre
  5925 | D:7      | Reached skill level 12 in Unarmed Combat
  5925 | D:7      | Reached XP level 10. HP: 71/71 MP: 13/13
  6131 | D:7      | Found a staircase to the Ecumenical Temple.
  6317 | Temple   | Entered the Ecumenical Temple
  6344 | Temple   | Became a worshipper of Ashenzari the Shackled
  6988 | D:7      | Reached skill level 5 in Dodging
  7014 | D:7      | Found an ancient bone altar of Kikubaaqudgha.
  7142 | D:7      | Acquired a +0 hat of stealth
  7153 | D:8      | Found a radiant altar of Vehumet.
  7274 | D:8      | Found a sacrificial altar of Ru.
  7291 | D:8      | Found a staircase to the Lair.
  7326 | D:8      | Found a white marble altar of Elyvilon.
  7413 | D:8      | Found a shimmering blue altar of Sif Muna.
  7590 | D:8      | Found a hazy altar of Hepliaklqana.
  7800 | D:8      | Noticed Grum
  7834 | D:8      | Killed Grum
  7943 | D:8      | Found a blossoming altar of Fedhas.
  8287 | D:9      | Found an ancient bone altar of Kikubaaqudgha.
  8290 | D:9      | Found a basalt altar of Yredelemnul.
  8290 | D:9      | Found a shimmering altar of Xom.
  8348 | D:9      | Found a shadowy altar of Dithmenos.
  8348 | D:9      | Found an iron altar of Okawaru.
  8348 | D:9      | Found a bloodstained altar of Trog.
  8433 | D:9      | Reached * piety under Ashenzari
  8473 | D:9      | Noticed an eight-headed hydra
  8475 | D:9      | Found an ornate altar of the Wu Jian Council.
  8494 | D:9      | HP: 2/73 [eight-headed hydra (12)]
  8494 | D:9      | Slain by an eight-headed hydra

Illustrated notes

Levels and vault maps discovered:
D:1:      dpeg_arrival_radiant, layout_loops_ring, serial_bayou_pond_e,
          minmay_misc_feat_more_columns, chequers_serial_rivers_room_b,
          minmay_misc_feat_pillars, minmay_vboxes
D:2:      layout_rooms, minmay_puff, uniq_robin
D:3:      layout_basic, pdpol_wu_jian_five_deadly_venoms,
          nemelex_diamond_rough_becter, dilly_ecumenical_altar_fadedgnrine
D:4:      layout_basic, hangedman_abyss_or_decor_stagger, uniq_eustachio,
          uniq_ijyb, uniq_duvessa, uniq_grinder
D:5:      layout_rooms, gammafunk_ghost_mausoleum,
          hangedman_decor_clover_reticule
D:6:      kennysheep_big_flooded_room, layout_basic,
          mainiacjoe_overflow_brackets, grunt_gozag_breadcrumbs,
          kennysheep_mini_moat, nicolae_tso_carved_into_rock,
          gammafunk_ghost_nasty_kobolds
D:7:      layout_basic, lemuel_mausoleum_altar_kikubaaqudgha,
          minmay_temple_entry_nine_rooms
D:8:      layout_rooms, lemuel_doored_altar,
          nicolae_hepliaklqana_monster_ancestors,
          mainiacjoe_overflow_concentric_impassable,
          mainiacjoe_overflow_chevrons, kennysheep_mini,
          lemuel_coloured_pillars_altar, lair_entry_dummy, uniq_grum
D:9:      layout_irregular_city, doesnt_xom_only_xom, hangedman_feature_mirror,
          guppyfry_early_elven_hall
Temple:   hellmonk_temple_two_chambers

Skill      XL: |  1  2  3  4  5  6  7  8  9 10 |
---------------+-------------------------------+-----
Unarmed Combat | 4 5 6 7 9 12 | 12.0
Fighting       | 2 3 4 5 7 8 |  8.7
Poison Magic   | 1 |  1.4
Dodging        | 4 6 |  6.1
Spellcasting   | 4 |  4.6
Transmutations | |  2.0

Action                   |  1- 3 |  4- 6 |  7- 9 | 10-12 || total
-------------------------+-------+-------+-------+-------++-------
Melee: Unarmed           |   100 |   129 |   207 |   211 ||   647
       Kick              |    23 |    27 |    44 |       ||    94
       Constrict         |    25 |    39 |    29 |    16 ||   109
       Punch             |     2 |     6 |     9 |     5 ||    22
       Tentacles         |    18 |    13 |    26 |    12 ||    69
 Cast: Beastly Appendage |    20 |    21 |    31 |     1 ||    73
       Wereblood         |     1 |     2 |     2 |     7 ||    12
       Spider Form       |       |     1 |     6 |    24 ||    31
Invok: Curse Item        |       |       |       |     2 ||     2
  Use: Scroll            |     6 |     3 |     5 |     5 ||    19
       Potion            |       |     5 |     1 |       ||     6
 Stab: Sleeping          |    10 |     1 |     2 |     1 ||    14
Armor: Skin              |    22 |    52 |    55 |    31 ||   160
Dodge: Dodged            |    82 |    94 |   149 |   192 ||   517

Table legend: (Time is in decaauts)
 A = Elapsed time spent in this place.
 B = Non-inter-level travel time spent in this place.
 C = Inter-level travel time spent in this place.
 D = Time resting spent in this place.
 E = Time spent auto-exploring this place.
 F = Levels seen in this place.
 G = Mean time per level.
                   A        B        C        D        E       F      G
               +--------+--------+--------+--------+--------+-----+--------+
         Total |   8386 |   8123 |    263 |    353 |   5983 |  10 |  838.6 |
       Dungeon |   8350 |   8107 |    243 |    353 |   5970 |   9 |  927.8 |
        Temple |     36 |     16 |     20 |      0 |     13 |   1 |   36.0 |
               +--------+--------+--------+--------+--------+-----+--------+

Top non-repeatable levels by time:
     D:7: 1452 daAuts
     D:1: 1347 daAuts
     D:4: 1185 daAuts
     D:3: 1079 daAuts
     D:6: 898 daAuts
     D:8: 825 daAuts
     D:2: 650 daAuts
     D:9: 489 daAuts
     D:5: 421 daAuts
  Temple: 36 daAuts
